 Dungeon Crawl Stone Soup version 0.27-a0-887-gcab673c142 (console) character file.

Game seed: 12409928824688009286

6596 jejorda2 the Impaler (level 11, 0/81 HPs)
             Began as a Merfolk Berserker on Apr 4, 2021.
             Was a High Priest of Trog.
             Slain by a spectral death yak (6 damage)
             ... in a Gauntlet.
             The game lasted 00:24:41 (9844 turns).

jejorda2 the Impaler (Merfolk Berserker)            Turns: 9844, Time: 00:24:41

Health: 0/81       AC: 20    Str: 20    XL:     11   Next: 2%
Magic:  11/11      EV:  7    Int:  7    God:    Trog [*****.]
Gold:   439        SH:  0    Dex: 20    Spells: 10/10 levels left

rFire    . . .     SeeInvis +   C - +0 glaive
rCold    . . .     Faith    .   (shield currently unavailable)
rNeg     . . .     Spirit   .   u - +0 plate armour
rPois    .         Reflect  .   d - +2 helmet
rElec    .         Harm     .   c - +0 cloak
rCorr    .         Rampage  .   p - +2 pair of gloves
Will     ++...     NoTele   +   (no boots)
Stlth    ..........             x - amulet of the acrobat
HPRegen  1.23/turn              B - +6 ring of dexterity
MPRegen  0.12/turn              z - ring of see invisible

@: berserk cooldown, regenerating (expiring), slowed, very slow
A: (nimble swimmer 2), mertail
a: Renounce Religion, Berserk, Trog's Hand, Brothers in Arms


You were in a Gauntlet.
You worshipped Trog.
Trog was extremely pleased with you.
You visited 1 branch of the dungeon, and saw 11 of its levels.
You also visited: Sewer and Gauntlet.

You collected 543 gold pieces.
You spent 104 gold pieces at shops.

Inventory:

Hand Weapons
 a - a +3 halberd of venom
 f - a +0 trident
 C - a +0 glaive (weapon)
 D - a +1 antimagic halberd
Missiles
 h - 20 boomerangs
 n - 41 poisoned darts (quivered)
 s - 2 javelins
 v - 2 silver javelins
 y - a curare-tipped dart
Armour
 c - a +0 cloak (worn)
 d - a +2 helmet (worn)
 p - a +2 pair of gloves (worn)
 u - a +0 plate armour (worn)
Magical Staves
 g - a staff of air
Jewellery
 x - an amulet of the acrobat (around neck)
 z - a ring of see invisible (right hand)
 B - a +6 ring of dexterity (left hand)
Wands
 q - a wand of acid (10)
Scrolls
 k - 7 scrolls of teleportation
 l - 2 scrolls of enchant weapon
 r - a scroll of holy word
Potions
 b - 5 potions of heal wounds
 e - a potion of magic
 i - 5 potions of curing
 j - a potion of mutation
 m - 3 potions of lignification
 o - a potion of cancellation
 t - 2 potions of haste
 w - a potion of flight
 A - 2 potions of attraction


   Skills:
 - Level 6.0 Fighting
 * Level 18.3 Polearms
 - Level 6.0 Armour
 - Level 2.6 Dodging


You had 10 spell levels left.
You didn't know any spells.
Your spell library was empty.

Dungeon Overview and Level Annotations

Branches:
Dungeon (13/15)            Temple (0/1) D:7           Sewer (visited)
Gauntlet (1/1)
   Lair: D:8-11         Orc: D:9-12      Vaults: D:13-14

Altars:
Ashenzari
Nemelex Xobeh
Sif Muna
Uskayaw
Zin
The Shining One
Beogh

Shops:
D:1 (   D:7 ?   D:10 *

Annotations:
D:4 2 transporters
D:9 exclusions: lindwurm and 3 more exclusions Gauntlet 15 transporters, 21 runed translucent doors, exclusions: oklob plant and orange crystal statue


Innate Abilities, Weirdness & Mutations

((You are quick and stealthy near water. (Stealth+, EV+, Speed+++)))
Your lower body shifts to a powerful aquatic tail in water.


Message History

The spectral death yak gores you but does no damage.
The death scarab completely misses you.
You slash the death scarab!
The death scarab is moderately damaged.
The death scarab bites you!
The death scarab draws strength from your injuries!
Reach: C) +0 glaive
Press: ? - help, Dir - move target, f - spectral death yak
Aim: a spectral death yak (heavily damaged, about 2% to evade your +0 glaive)
You reach to attack!
You slice the spectral death yak!!
The spectral death yak is severely damaged.
The death scarab bites you!! The death scarab drains your vigour!
You feel as though you will be slow longer.
The death scarab draws strength from your injuries!
You hit the death scarab but do no damage.
You feel the effects of Trog's Hand fading.
The death scarab bites you!
* * * LOW HITPOINT WARNING * * *
The death scarab draws strength from your injuries!
The death scarab bites you.
* * * LOW HITPOINT WARNING * * *
The death scarab drains your vigour!
You feel as though you will be slow longer.
The death scarab draws strength from your injuries!
You closely miss the death scarab.
You are no longer berserk.
You are exhausted.
You feel as though you will be slow longer.
The death scarab bites you!!
* * * LOW HITPOINT WARNING * * *
The death scarab drains your vigour!
You feel as though you will be slow longer.
The death scarab draws strength from your injuries!
You hit the spectral death yak.
The spectral death yak is almost destroyed.
The spectral death yak gores you but does no damage.
You slash the spectral death yak!
The spectral death yak is almost destroyed.
The spectral death yak gores you.
You die...

##########################.######
........©.........©#≈≈8≈§#.#.....
##########################.#.....
.#.#...$©....#.###....#..#.#..###
.#.#.^..P..^.#.###.###...#.#..#8#
+#.#^#######.#.#...##.##$#.#..###
.#.#.#.#.#^#D#.###...#.#.#.#..#
©#.#....©...D#.###.##...©#©#..###
.#.##.#^#.#.##.#@ZB##.##[###..#8#
+#.#.#######.#.###.©..##.#....###
.#.#.........#.##..##..#.#....#
.#.#.........#.#...#Z##..#..###
##.###########.###########..#8#
........©...................###
...........................≈#
#######.∩.################### #8#
#...# #8# #8# #8# #8#


You could see a spectral death yak, a death scarab and 2 acid dragons.

Vanquished Creatures
  A two-headed ogre (D:10)
  A manticore (D:13)
  A centaur zombie (D:10)
  A hornet (D:8)
  A wyvern (D:5)
  9 yaks (D:9)
  3 water moccasins
  A hornet zombie (D:8)
  3 orc warriors (D:8)
  3 ice beasts
  3 black bears
  A centaur (D:10)
  An ogre (D:8)
  A necrophage (D:6)
  4 bullfrogs
  A kobold brigand (D:7)
  4 scorpions
  2 gnoll sergeants
  8 wights
  3 killer bees (D:8)
  5 howler monkeys
  2 hounds
  2 bullfrog skeletons
  5 orc priests
  2 iguanas
  8 orc wizards
  8 gnolls
  6 adders
  A shadow imp (D:6)
  2 white imps (D:5)
  2 ufetubi
  A dart slug (D:1)
  46 orcs
  4 ball pythons
  5 endoplasms
  2 giant cockroaches
  7 goblins
  9 hobgoblins
  11 jackals
  6 quokkas
  4 bats
  3 frilled lizards
  11 kobolds
  3 rats
207 creatures vanquished.

Vanquished Creatures (others)
  27 demonic plants (Gauntlet)
27 creatures vanquished.

Grand Total: 234 creatures vanquished

Notes
Turn   | Place    | Note
-------+----------+-------------------------------------------
     0 | D:1      | jejorda2 the Merfolk Berserker began the quest for the Orb.
     0 | D:1      | Reached XP level 1. HP: 18/18 MP: 1/1
   215 | D:1      | Reached XP level 2. HP: 24/24 MP: 2/2
   233 | D:1      | Reached skill level 5 in Polearms
   328 | D:1      | Found Nuriasecs's Weapon Emporium.
   377 | D:1      | Reached XP level 3. HP: 29/29 MP: 3/3
   719 | D:1      | Found a faded altar of an unknown god.
   990 | D:2      | Reached ** piety under Trog
   992 | D:2      | Reached XP level 4. HP: 37/37 MP: 4/4
  1069 | D:2      | Reached skill level 6 in Polearms
  1556 | D:3      | Found a sparkling altar of Nemelex Xobeh.
  1831 | D:3      | Found a glowing drain.
  1839 | Sewer    | Entered a sewer
  1864 | Sewer    | Reached XP level 5. HP: 38/42 MP: 5/5
  1934 | Sewer    | Noticed a water moccasin
  1945 | Sewer    | Killed a water moccasin
  1946 | Sewer    | Reached skill level 7 in Polearms
  2061 | D:3      | Reached XP level 6. HP: 48/49 MP: 6/6
  2606 | D:4      | Identified the +0 leather armour of Panentheism {rElec
                  | SInv}
  2609 | D:4      | Found a transporter.
  2696 | D:4      | Identified the +10 dagger of Xuewk {vorpal, Int+2}
  2868 | D:4      | Found a transporter.
  2938 | D:4      | Reached *** piety under Trog
  3111 | D:5      | Entered Level 5 of the Dungeon
  3222 | D:5      | Noticed an ice beast
  3230 | D:5      | Killed an ice beast
  3231 | D:5      | Reached skill level 5 in Fighting
  3231 | D:5      | Reached skill level 8 in Polearms
  3376 | D:5      | Reached XP level 7. HP: 46/56 MP: 7/7
  3562 | D:5      | Reached skill level 9 in Polearms
  3943 | D:5      | Noticed a wyvern
  3952 | D:5      | Killed a wyvern
  3953 | D:5      | Reached XP level 8. HP: 31/64 MP: 8/8
  3969 | D:5      | Reached skill level 10 in Polearms
  4868 | D:6      | Found a glowing golden altar of the Shining One.
  5056 | D:6      | Found a broken altar of Ashenzari.
  5132 | D:6      | Reached skill level 11 in Polearms
  5838 | D:7      | Reached skill level 12 in Polearms
  5848 | D:7      | Found a staircase to the Ecumenical Temple.
  5993 | D:7      | Found Fasin's Magic Scroll Shoppe.
  6012 | D:7      | Bought a scroll of magic mapping for 38 gold pieces
  6012 | D:7      | Bought 3 scrolls of identify for 66 gold pieces
  6239 | D:7      | Reached XP level 9. HP: 43/69 MP: 9/9
  6248 | D:7      | Reached **** piety under Trog
  6550 | D:8      | Reached skill level 13 in Polearms
  6550 | D:8      | Reached skill level 5 in Armour
  6692 | D:8      | Found a hide-covered altar of Uskayaw.
  6747 | D:8      | Reached skill level 14 in Polearms
  7401 | D:9      | Noticed a hornet
  7409 | D:8      | Reached ***** piety under Trog
  7516 | D:9      | Reached XP level 10. HP: 76/76 MP: 10/10
  7548 | D:8      | Reached skill level 15 in Polearms
  7768 | D:9      | Noticed a lindwurm
  7849 | D:9      | Noticed a lindwurm
  7849 | D:9      | Noticed a lindwurm
  7880 | D:9      | Noticed a lindwurm
  7947 | D:9      | Reached skill level 16 in Polearms
  8218 | D:10     | Entered Level 10 of the Dungeon
  8377 | D:10     | Found a shimmering blue altar of Sif Muna.
  8391 | D:10     | Received a gift from Trog
  8394 | D:10     | Identified Sif Muna's Papyrus of Changing
  8446 | D:10     | Reached skill level 17 in Polearms
  8676 | D:10     | Noticed a two-headed ogre
  8686 | D:10     | Killed a two-headed ogre
  8771 | D:10     | Found Zin's Purification Station.
  8777 | D:10     | Reached skill level 18 in Polearms
  8783 | D:10     | Found a glowing silver altar of Zin.
  8949 | D:10     | You fall into a shaft and drop 3 floors!
  8974 | D:13     | Noticed a manticore
  8982 | D:13     | Killed a manticore
  8983 | D:13     | Reached XP level 11. HP: 56/81 MP: 11/11
  9000 | D:13     | Found a gate leading to a gauntlet.
  9009 | Gauntlet | Entered a Gauntlet
  9009 | Gauntlet | Found a transporter.
  9096 | Gauntlet | Noticed a spectral death yak
  9097 | Gauntlet | Found a transporter.
  9097 | Gauntlet | Noticed a death scarab
  9112 | Gauntlet | Found a transporter.
  9115 | Gauntlet | Noticed a sixfirhy
  9117 | Gauntlet | Found a transporter.
  9117 | Gauntlet | Noticed a sixfirhy
  9118 | Gauntlet | Noticed a wretched star
  9128 | Gauntlet | Noticed a sixfirhy
  9133 | Gauntlet | Found the amulet of the Four Winds {rN+ Will+++ Clar}
  9136 | Gauntlet | Found a transporter.
  9151 | Gauntlet | Found a transporter.
  9163 | Gauntlet | Found a transporter.
  9164 | Gauntlet | Noticed a catoblepas
  9171 | Gauntlet | Found a transporter.
  9171 | Gauntlet | Found a transporter.
  9188 | Gauntlet | Found a transporter.
  9188 | Gauntlet | Noticed an orange crystal statue
  9194 | Gauntlet | Found a transporter.
  9209 | Gauntlet | Found a transporter.
  9221 | Gauntlet | Found a transporter.
  9240 | Gauntlet | Found a transporter.
  9255 | Gauntlet | Found a transporter.
  9257 | Gauntlet | Found a transporter.
  9257 | Gauntlet | Noticed a soul eater
  9258 | Gauntlet | Noticed a green death
  9259 | Gauntlet | Found a runed translucent gate.
  9259 | Gauntlet | Found a runed translucent gate.
  9259 | Gauntlet | Found a runed translucent gate.
  9267 | Gauntlet | Found a large runed translucent door.
  9267 | Gauntlet | Found a large runed translucent door.
  9267 | Gauntlet | Found a large runed translucent door.
  9267 | Gauntlet | Found a large runed translucent door.
  9268 | Gauntlet | Found a large runed translucent door.
  9268 | Gauntlet | Found a large runed translucent door.
  9269 | Gauntlet | Found a large runed translucent door.
  9269 | Gauntlet | Found a large runed translucent door.
  9270 | Gauntlet | Found a large runed translucent door.
  9270 | Gauntlet | Found a large runed translucent door.
  9270 | Gauntlet | Found a runed translucent door.
  9270 | Gauntlet | Found a runed translucent door.
  9271 | Gauntlet | Found a large runed translucent door.
  9272 | Gauntlet | Found a large runed translucent door.
  9281 | Gauntlet | Found a large runed translucent door.
  9281 | Gauntlet | Found a large runed translucent door.
  9282 | Gauntlet | Found a large runed translucent door.
  9282 | Gauntlet | Noticed an oklob plant
  9283 | Gauntlet | Found a large runed translucent door.
  9285 | Gauntlet | Found a transporter.
  9285 | Gauntlet | Found a transporter.
  9842 | Gauntlet | HP: 3/81 [death scarab (19)]
  9844 | Gauntlet | Slain by a spectral death yak

Illustrated notes

Levels and vault maps discovered:
D:1:      evilmike_arrival_fibonacci_small, layout_rooms, serial_shops,
          nicolae_shop_crystal, shapermc_ecumenical_altar_flowoftime,
          minmay_pentomino_v2
D:2:      layout_loops_ring, grunt_decor_junction
D:3:      layout_loops_ring, amcnicky_altar_gilded, portal_sewer_entry_a
D:4:      gammafunk_cloud_chamber, layout_rooms, chequers_serial_rivers_large_b,
          minmay_misc_feat_columns, serial_bayou_pond_a
D:5:      layout_loops_corners
D:6:      layout_loops_corners, lemuel_round_altar, old_standard_altar
D:7:      layout_rooms, temple_fountains, serial_shops, nicolae_shop_crystal
D:8:      layout_rooms, eat_drink_and_be_merry_uskayaw, special_room
          [special_room_orc], chequers_hall_statues_wall_a
D:9:      layout_rooms, chequers_hall_statues_wall_a, minmay_lindwurm_lava
D:10:     layout_loops_corners, zin_purify, led_sif_book, serial_bayou_pond_c,
          grunt_decor_arrowhead
D:13:     lemuel_ice_spiral_2, layout_irregular_city, gauntlet_entry_generic
Gauntlet: gammafunk_gauntlet_one_two_three [gammafunk_gauntlet_arena_teeth,
          gammafunk_gauntlet_arena_crates,
          minmay_gauntlet_arena_make_your_own_arena,
          gammafunk_gauntlet_arena_arrow_garden,
          gammafunk_gauntlet_arena_hedges, gammafunk_gauntlet_arena_split_x,
          nicolae_gauntlet_arena_x, nicolae_gauntlet_arena_grate_2,
          gammafunk_gauntlet_arena_corners, gauntlet_exit_green]

Skill      XL: |  1  2  3  4  5  6  7  8  9 10 |
---------------+-------------------------------+-----
Polearms       | 5 6 7 8 9 12 14 18 | 18.3
Armour         | 2 3 4 5 6 |  6.0
Fighting       | 4 5 6 |  6.0
Dodging        | |  2.6

Action                   |  1- 3 |  4- 6 |  7- 9 | 10-12 || total
-------------------------+-------+-------+-------+-------++-------
Melee: Spear             |   106 |    41 |       |       ||   147
       Trident           |       |   123 |    37 |       ||   160
       Tailslap          |       |     1 |       |       ||     1
       Halberd           |       |       |   243 |   130 ||   373
       Glaive            |       |       |       |     8 ||     8
Throw: Dart              |       |       |     4 |     9 ||    13
Invok: Berserk           |     3 |     3 |     5 |     2 ||    13
       Trog's Hand       |       |       |     2 |     2 ||     4
  Use: Scroll            |       |     6 |     9 |     6 ||    21
       Potion            |       |       |       |     2 ||     2
 Stab: Sleeping          |     1 |       |       |       ||     1
Armor: Animal skin       |     4 |       |       |       ||     4
       Chain mail        |     9 |    73 |       |       ||    82
       Leather armour    |     8 |       |       |       ||     8
       Plate armour      |       |     9 |   113 |    51 ||   173
Dodge: Dodged            |    40 |    52 |    54 |    22 ||   168

Table legend: (Time is in decaauts)
 A = Elapsed time spent in this place.
 B = Non-inter-level travel time spent in this place.
 C = Inter-level travel time spent in this place.
 D = Time resting spent in this place.
 E = Time spent auto-exploring this place.
 F = Levels seen in this place.
 G = Mean time per level.
                   A        B        C        D        E       F      G
               +--------+--------+--------+--------+--------+-----+--------+
         Total |   9792 |   9309 |    483 |   1018 |   6360 |  13 |  753.2 |
       Dungeon |   8736 |   8253 |    483 |    751 |   5882 |  11 |  794.2 |
         Sewer |    220 |    220 |      0 |     63 |     87 |   1 |  220.0 |
      Gauntlet |    834 |    834 |      0 |    203 |    390 |   1 |  834.0 |
               +--------+--------+--------+--------+--------+-----+--------+

Top non-repeatable levels by time:
     D:5: 1565 daAuts
     D:6: 1244 daAuts
     D:8: 1053 daAuts
     D:3: 846 daAuts
Gauntlet: 834 daAuts
     D:1: 825 daAuts
    D:10: 721 daAuts
     D:2: 707 daAuts
     D:7: 651 daAuts
     D:9: 589 daAuts
     D:4: 473 daAuts
   Sewer: 220 daAuts
    D:13: 58 daAuts
